 Dungeon Crawl Stone Soup version 0.30-a0-459-g9104f0fc43 (webtiles) character file.

Game seed: 4048061866755211306

82 Monkooky the Covered (level 4, -3/38 HPs)
             Began as an Armataur Wanderer on Dec 16, 2022.
             Killed from afar by an orc wizard (7 damage)
             ... with a puff of flame
             ... on level 3 of the Dungeon.
             The game lasted 00:03:28 (1971 turns).

Monkooky the Covered (Armataur Wanderer)            Turns: 1971, Time: 00:03:28

Health: -3/38      AC:  7    Str: 16    XL:     4   Next: 21%
Magic:  6/6        EV:  8    Int: 15    God:
Gold:   125        SH:  3    Dex: 10    Spells: 5/6 levels left

rFire   . . .      SeeInvis .    e - +1 dagger (flame)
rCold   . . .      Faith    .    j - +0 buckler
rNeg    . . .      Spirit   .    i - +0 ring mail
rPois   .          Reflect  .    (no helmet)
rElec   .          Harm     .    d - +0 cloak
rCorr   .          Roll     +    (no gloves)
Will    .....                    (no barding)
Stlth   +.........               (no amulet)
HPRegen 0.26/turn                (no ring)
MPRegen 0.10/turn                (no ring)

@: no status effects
A: large, rugged brown scales 3, deformed body, armoured tail, roll, long
tongue, awkward tongue
a: no special abilities


You were on level 3 of the Dungeon.
You visited 1 branch of the dungeon, and saw 3 of its levels.

You collected 125 gold pieces.

Inventory:

Hand Weapons
 a - a +0 club
 e - a +1 dagger of flaming (weapon)
Armour
 c - a +0 robe
 d - a +0 cloak (worn)
 i - a +0 ring mail (worn)
 j - a +0 buckler (worn)
Jewellery
 p - a ring of fire
Scrolls
 f - 3 scrolls of amnesia {unknown}
 h - 4 scrolls of poison {unknown}
 k - a scroll of vulnerability {unknown}
 l - 2 scrolls of identify {unknown}
 m - a scroll of fear {unknown}
 n - a scroll of brand weapon {unknown}
 q - a scroll of noise {unknown}
 s - a scroll of enchant weapon {unknown}
Potions
 b - 2 potions of might
 g - 2 potions of curing {unknown}
 o - 2 potions of degeneration {unknown}
 r - a potion of haste {unknown}
 t - a potion of lignification {unknown}


   Skills:
 - Level 2.0 Fighting
 - Level 1.0 Throwing
 + Level 3.7 Armour
 - Level 1.0 Dodging
 - Level 2.1 Stealth
 - Level 1.7 Spellcasting
 - Level 1.0 Necromancy
 - Level 2.6 Air Magic


You had 5 spell levels left.
You knew the following spells:

 Your Spells              Type           Power      Damage    Failure   Level
a - Shock                 Conj/Air       20%        1d4       30%         1

Your spell library contained the following spells:

 Spells                   Type           Power      Damage    Failure   Level
 Cigotuvi's Dreadful Rot  Necr/Pois/Air  10%        N/A       43%         2
 Sublimation of Blood     Necr           4%         N/A       47%         2
 Mephitic Cloud           Conj/Pois/Air  4%         N/A       73%         3


Dungeon Overview and Level Annotations

Branches:
Dungeon (3/15)

Altars:

Shops:
D:1 (


Innate Abilities, Weirdness & Mutations

You are completely covered in rugged brown scales. (AC +3, +7% HP)
Armour fits poorly on your strangely shaped body.
You have a long armoured tail.
You roll when moving toward enemies. (Rampage)
Your long tongue fully drains potion bottles. (2x potion effects)
Your tongue gives you trouble enunciating. (1.5x scroll delay)


Message History

You hit the rat. You burn the rat.
You kill the rat!
No target in view!
An orc wizard comes into view. It is wielding a +0 dagger.
An orc wizard is nearby!
An orc priest comes into view. It is wielding a +0 falchion.
Found a stone staircase leading up.
The orc wizard shouts!
An orc comes into view. It is wielding a +0 whip.
The orc shouts!
An orc comes into view. It is wielding a +0 falchion.
An orc comes into view. It is wielding a +0 club.
The orc priest shouts!
The orc shouts! x2
You closely miss the orc wizard.
The orc wizard points at you and mumbles some strange words.
The magic dart hits you.
The orc wizard hits you but does no damage.
You roll towards the orc!
You hit the orc. You burn the orc.
The orc is severely wounded.
The orc hits you with a +0 falchion.
You hit the orc. You burn the orc.
You kill the orc!
You closely miss the orc. The orc hits you with a +0 whip.
You hit the orc but do no damage. The orc barely misses you.
The orc wizard mumbles some strange words.
The orc wizard flickers and vanishes!
Deactivating autopickup; reactivate with Ctrl-A.
The orc priest calls down the wrath of Beogh upon you.
Beogh smites you!
You hit the orc. You burn the orc.
The orc is severely wounded.
The orc hits you with a +0 whip.
The orc priest looks braver for a moment.
The orc priest calls down the wrath of Beogh upon you.
Beogh smites you!
* * * LOW HITPOINT WARNING * * *
The orc attacks as you move away! The orc hits you but does no damage.
A puff of flame appears from out of thin air!
The puff of flame hits you!
You die...

.......#...#######(############
...........# #................#
...o#..###.# #.###.######....#
...o....##.# #.#...## ...##
...o#...##.# #......#####....#
..o##...##.###...........†..#
.oo##......o..........####......
.........o..{...).....# #####
...##..#.#..#.o.@.<...#
.......#.#..##.......##
...##.##.#..###.....##
..<##.##.#..# ##....... ......
..#..# #........ ...... ......
...###### ....# ###..#


You could see an orc priest and 2 orcs.

Vanquished Creatures
  Jessica (D:2)
  An adder (D:3)
  An orc (D:3)
  4 ball pythons
  4 bats
  An endoplasm (D:1)
  2 giant cockroaches
  7 goblins
  2 hobgoblins
  3 jackals (D:1)
  2 quokkas (D:2)
  3 frilled lizards
  4 kobolds
  10 rats
45 creatures vanquished.

Notes
Turn   | Place    | Note
-------+----------+-------------------------------------------
     0 | D:1      | Monkooky the Armataur Wanderer began the quest for the Orb.
     0 | D:1      | Monkooky set off with the following items: a +0 club, a
                  | potion of might, a +0 robe, a +0 cloak; and the following
                  | spell memorised: Shock; and the following spells available
                  | to memorise: Cigotuvi's Dreadful Rot, Sublimation of Blood,
                  | Mephitic Cloud.
     0 | D:1      | Reached XP level 1. HP: 14/14 MP: 3/3
    90 | D:1      | Reached skill level 1 in Fighting
   119 | D:1      | Reached XP level 2. HP: 24/24 MP: 4/4
   128 | D:1      | Found Fetaneed's Antique Weapon Shop.
   665 | D:1      | Reached skill level 1 in Armour
  1167 | D:2      | Reached XP level 3. HP: 26/31 MP: 5/5
  1236 | D:2      | Noticed Jessica
  1241 | D:2      | Killed Jessica
  1242 | D:2      | Reached skill level 3 in Armour
  1890 | D:3      | Reached XP level 4. HP: 37/38 MP: 6/6
  1971 | D:3      | Killed from afar by an orc wizard

Illustrated notes

Levels and vault maps discovered:
D:1:      minmay_arrival_doors, layout_loops_ring, serial_shops, shop,
          minmay_shallow_snake_nest
D:2:      layout_loops_corners, nicolae_underground_beach, uniq_jessica
D:3:      layout_loops_ring, lemuel_zombie_altar_yredelemnul,
          hellmonk_ecumenical_altar_blasted

Skill      XL: |  1  2  3 |
---------------+----------+-----
Fighting       | 1 2 |  2.0
Armour         | 1 3 |  3.7
Throwing       | |  1.0
Dodging        | |  1.0
Stealth        | |  2.1
Spellcasting   | |  1.7
Necromancy     | |  1.0
Air Magic      | |  2.6

Action                   |  1- 3 |  4- 6 || total
-------------------------+-------+-------++-------
Melee: Dagger            |    98 |    19 ||   117
       Tailslap          |     8 |     2 ||    10
       Club              |     1 |       ||     1
 Stab: Sleeping          |     1 |       ||     1
Armor: Robe              |    14 |       ||    14
       Ring mail         |    31 |     7 ||    38
Dodge: Dodged            |    32 |     6 ||    38
Block: Buckler           |     2 |     1 ||     3

Table legend: (Time is in decaauts)
 A = Elapsed time spent in this place.
 B = Non-inter-level travel time spent in this place.
 C = Inter-level travel time spent in this place.
 D = Time resting spent in this place.
 E = Time spent auto-exploring this place.
 F = Levels seen in this place.
 G = Mean time per level.
                   A        B        C        D        E       F      G
               +--------+--------+--------+--------+--------+-----+--------+
         Total |   1973 |   1878 |     95 |      0 |   1442 |   3 |  657.7 |
       Dungeon |   1973 |   1878 |     95 |      0 |   1442 |   3 |  657.7 |
               +--------+--------+--------+--------+--------+-----+--------+

Top non-repeatable levels by time:
     D:2: 968 daAuts
     D:1: 916 daAuts
     D:3: 87 daAuts
